 Dungeon Crawl Stone Soup version 0.29-a0-243-g602b31c20e (webtiles) character file.

Game seed: 5289158145559199165

44 dolemite99 the Slasher (level 3, -4/29 HPs)
             Began as a Demonspawn Fighter on Mar 4, 2022.
             Slain by Sigmund
             ... wielding a +0 scythe
              (6 damage)
             ... on level 3 of the Dungeon.
             The game lasted 00:01:22 (2078 turns).

dolemite99 the Slasher (Demonspawn Fighter)         Turns: 2078, Time: 00:01:23

Health: -4/29      AC:  7    Str: 18    XL:     3   Next: 39%
Magic:  3/3        EV:  9    Int:  9    God:
Gold:   67         SH:  4    Dex: 12    Spells: 2/2 levels left

rFire   . . .      SeeInvis .   a - +0 long sword
rCold   . . .      Faith    .   c - +0 buckler
rNeg    . . .      Spirit   .   b - +0 scale mail
rPois   .          Reflect  .   (no helmet)
rElec   .          Harm     .   (no cloak)
rCorr   .          Rampage  .   e - +0 pair of gloves
Will    .....                   (no boots)
Stlth   ..........              (no amulet)
HPRegen 0.09/turn               (no ring)
MPRegen 0.08/turn               (no ring)

@: mighty
A: demonic guardian 1
a: no special abilities


You were on level 3 of the Dungeon.
You visited 1 branch of the dungeon, and saw 3 of its levels.

You collected 67 gold pieces.

Inventory:

Hand Weapons
 a - a +0 long sword (weapon)
Missiles
 i - 16 stones (quivered)
Armour
 b - a +0 scale mail (worn)
 c - a +0 buckler (worn)
 e - a +0 pair of gloves (worn)
Scrolls
 g - 2 scrolls of fear {unknown}
 h - a scroll of enchant armour {unknown}
Potions
 f - 2 potions of curing {unknown}
 j - a potion of degeneration {unknown}


   Skills:
 - Level 3.0 Fighting
 + Level 3.5 Long Blades
 - Level 2.6 Armour
 - Level 2.6 Shields


You had 2 spell levels left.
You didn't know any spells.
Your spell library was empty.

Dungeon Overview and Level Annotations

Branches:
Dungeon (3/15)

Altars:

Annotations:
D:3 Sigmund


Innate Abilities, Weirdness & Mutations

A weak demonic guardian rushes to your aid.


Message History

Found 6 gold pieces.
There is a stone staircase leading up here.
Sigmund the Dreaded comes into view.
He is wielding a +0 scythe.
Sigmund shouts!
There is a stone staircase leading up here.
You climb upwards.
There is a stone staircase leading down here.
You start waiting.
Done waiting.
You feel very mighty all of a sudden.
You climb downwards.
Level annotation: Sigmund
There is a stone staircase leading up here.
An orc comes into view. It is wielding a +0 war axe.
Sigmund barely misses you. The bat barely misses you.
The bat hits you but does no damage.
You slash Sigmund!
Sigmund is moderately wounded.
The bat hits you but does no damage. Sigmund gestures at you while chanting.
The magic dart hits you! Sigmund hits you with a +0 scythe!
A demonic guardian appears!
You slash Sigmund!
Sigmund is severely wounded.
The bat hits you but does no damage. x2; Your shadow imp barely misses the bat.
The bat hits you.
You hit Sigmund.
Sigmund is almost dead.
The bat closely misses you.
Sigmund mumbles some strange words.
Sigmund flickers and vanishes!
Deactivating autopickup; reactivate with Ctrl-A.
Your shadow imp closely misses the bat.
The orc hits you but does no damage. Something hits you!
* * * LOW HITPOINT WARNING * * *
You barely miss something. The bat hits your shadow imp.
You block the orc's attack.
You closely miss something. The bat hits you but does no damage.
Something hits you.
You die...

..# ##. ...##..
#..... #....# ..
####....# ....
.......b####....#
##.......@{......
..........o.$..##
..##...5#####....
#....# ### #....#
...#### ....#
.... ...


You could see an orc, a bat (ally target) and a friendly shadow imp (summoned).

Vanquished Creatures
  A worm (D:2)
  A dart slug (D:2)
  4 endoplasms
  A giant cockroach (D:2)
  2 goblins (D:1)
  3 hobgoblins
  4 jackals (D:1)
  3 kobolds
  6 ball pythons
  4 bats (D:1)
  4 frilled lizards (D:1)
  4 rats
37 creatures vanquished.

Notes
Turn   | Place    | Note
-------+----------+-------------------------------------------
     0 | D:1      | dolemite99 the Demonspawn Fighter began the quest for the
                  | Orb.
     0 | D:1      | Reached XP level 1. HP: 18/18 MP: 1/1
   301 | D:1      | Gained mutation: A weak demonic guardian rushes to your
                  | aid. [demonic ancestry]
   301 | D:1      | Reached XP level 2. HP: 24/24 MP: 2/2
   710 | D:1      | Reached XP level 3. HP: 26/29 MP: 3/3
  1965 | D:3      | Noticed Sigmund
  2076 | D:3      | HP: 1/29 [something (8)]
  2078 | D:3      | Slain by Sigmund

Illustrated notes

Levels and vault maps discovered:
D:1:      amcnicky_arrival_flooded_fountain, layout_basic
D:2:      layout_basic
D:3:      layout_rooms, nicolae_uskayaw_murder_on_the_dancefloor,
          mainiacjoe_overflow_catwalk, uniq_sigmund

Skill      XL: |  1  2 |
---------------+-------+-----
Long Blades    | 2 3 |  3.5
Fighting       | |  3.0
Armour         | |  2.6
Shields        | |  2.6

Action                   || total
-------------------------++-------
Melee: Long sword        ||    60
Throw: Dart              ||    22
  Use: Potion            ||     1
Armor: Scale mail        ||    29
Dodge: Dodged            ||    22
Block: Buckler           ||    16

Table legend: (Time is in decaauts)
 A = Elapsed time spent in this place.
 B = Non-inter-level travel time spent in this place.
 C = Inter-level travel time spent in this place.
 D = Time resting spent in this place.
 E = Time spent auto-exploring this place.
 F = Levels seen in this place.
 G = Mean time per level.
                   A        B        C        D        E       F      G
               +--------+--------+--------+--------+--------+-----+--------+
         Total |   2098 |   2036 |     62 |    292 |   1426 |   3 |  699.3 |
       Dungeon |   2098 |   2036 |     62 |    292 |   1426 |   3 |  699.3 |
               +--------+--------+--------+--------+--------+-----+--------+

Top non-repeatable levels by time:
     D:2: 1294 daAuts
     D:1: 790 daAuts
     D:3: 13 daAuts
